 Dungeon Crawl Stone Soup version 0.31-a0-486-g8d68a81214 (webtiles) character file.

Game seed: 14195385483743515190

93 ytrimaz the Changeling (level 4, -3/28 HPs)
             Began as an Octopode Shapeshifter on Aug 7, 2023.
             Shot with an arrow by a centaur (9 damage)
             ... on level 3 of the Dungeon.
             The game lasted 00:01:40 (1519 turns).

ytrimaz the Changeling (Octopode Shapeshifter)      Turns: 1519, Time: 00:01:41

Health: -3/28      AC:  1    Str: 14    XL:     4   Next: 61%
Magic:  4/4        EV: 13    Int: 12    God:
Gold:   149        SH:  0    Dex: 12    Spells: 3/3 levels left

rFire   . .          .
                       - Unarmed
rCold   . . .        (no shield)
rNeg    . . .        (helmet currently unavailable)
rPois   .            j - amulet of magic regeneration
rElec   .            g - ring of flight
rCorr   .            (no ring)
SInv    .            (no ring)
Will    .....        (no ring)
Stlth   ++           (no ring)
HPRegen 0.24/turn    (no ring)
MPRegen 0.49/turn    (no ring)
                     (no ring)

%: no passive effects
@: beast-form, flying
A: beast (slay +2), almost no armour, amphibious, 8 rings, camouflage 1,
gelatinous body 1, (nimble swimmer 1), tentacles
a: Begin Untransformation


You were on level 3 of the Dungeon.
You were a hulking beast.
You visited 1 branch of the dungeon, and saw 3 of its levels.

You collected 149 gold pieces.


Innate Abilities, Weirdness & Mutations

You are a hulking beast.
Your limbs bulge with bestial killing power. (Slay +2)
You cannot wear most types of armour.
You are amphibious.
You can wear up to eight rings at the same time.
Your skin changes colour to match your surroundings (Stealth+).
Your rubbery body absorbs attacks. (AC +1, EV +1)
((You are camouflaged when in or above water. (Stealth+)))
You have tentacles for arms and can constrict up to eight enemies at once.


   Skills:
 - Level 1.0 Fighting
 - Level 2.0 Dodging
 + Level 3.9 Unarmed Combat
 * Level 4.1 Shapeshifting


You had 3 spell levels left.
You didn't know any spells.
Your spell library contained the following spells:

 Spells                   Type           Power      Damage    Failure   Level
 Shock                    Conj/Air       0%         1d3       32%         1
 Swiftness                Air            0%         N/A       69%         3
 Airstrike                Air            0%         2d(0-16)  97%         4

Inventory:

Jewellery
 g - a ring of flight (left tentacle)
   (You found it on level 2 of the Dungeon)
 j - an amulet of magic regeneration (around mantle)
   (You found it on level 3 of the Dungeon)
Talismans
 b - a beast talisman (active)
Wands
 k - a wand of roots (8)
   (You found it on level 3 of the Dungeon)
Scrolls
 e - 2 scrolls of summoning
 h - a scroll of torment
 i - 2 scrolls of fear
 l - a scroll of identify
Potions
 a - 2 potions of lignification
 c - a potion of experience {unknown}
 d - 2 potions of degeneration {unknown}
 f - a potion of curing {unknown}

Dungeon Overview and Level Annotations

Branches:
Dungeon (3/15) Zot: 16486

Altars:
Uskayaw

..#(...#...............
#........#.#####......# #.
###........# #..#....#
#.##........######.$.....$
#..........####.c...#
..##..........##...##..#
#.#..........[...###......
....<...........### #........
..............h## #.........
#.....##..)#..# #.S....c..
.#..#......##..####...........
................)............#
..$......##.#...........
............#.......#...
........)...........#..
.........†............. #.
..........)...........######...


You could see a centaur.


Message History

The goblin hits you with a +0 club.
The teleport trap disappears.
The adder disappears! 😕 HP[-2]
You take 2 damage, and now have 26/28 hp.
Unknown command.
You tentacle-slap the goblin.
You kill the goblin!
Jessica mumbles some strange words.
Jessica blinks!
The frilled lizard hisses angrily.
You see here a +0 club. 😕 HP[+1]
You tentacle-slap the hobgoblin.
You kill the hobgoblin!
Jessica shouts, "You are a ghastly nuisance!"
Unknown command.
You see here a hobgoblin corpse.
You barely miss Jessica. Your grab misses Jessica. You squeeze Jessica!
Jessica closely misses you.
Unknown command.
You tentacle-slap Jessica.
You kill Jessica!
The frilled lizard closely misses you.
Your Shapeshifting skill increases to level 4!
Found a stone staircase leading up.
The frilled lizard bites you.
Things that are here:
a +0 club; a +0 robe; the human corpse of Jessica You tentacle-slap the frilled lizard.
You kill the frilled lizard!
The kobold throws a stone.
The stone hits you. 😕 HP[-1]
You take 1 damage, and now have 26/28 hp.
Unknown command.
The kobold throws a stone.
The stone closely misses you. 😕 HP[+1]
The kobold completely misses you.
You tentacle-slap the kobold.
You kill the kobold!
Things that are here:
a +0 short sword; 5 stones No target in view! 😎 HP[+1]
Your hp is fully restored (28).
You see here a +0 leather armour.
A quokka comes into view.
The quokka moves out of view.
A rat comes into view.
The rat moves out of view.
You now have 134 gold pieces (gained 8).
There are monsters nearby!
There are monsters nearby!
Found a scroll of fear.
Found a hide-covered altar of Uskayaw.
The quokka bites you. 😕 HP[-4]
You take 4 damage, and now have 24/28 hp.
You tentacle-slap the quokka. You grab the quokka.
You constrict the quokka, but do no damage.
The quokka barely misses you. x2
You barely miss the quokka. You squeeze the quokka.
You kill the quokka!
You see here a quokka corpse.
The rat bites you but does no damage. 😕 HP[+1]
You tentacle-slap the rat.
You kill the rat!
No target in view!
No target in view!
No target in view!
No target in view!
No target in view!
You now have 149 gold pieces (gained 15).
You see here 5 stones.
There is a hide-covered altar of Uskayaw here.
Key pressed, stopping explore.
l - a scroll of identify You see here an orc corpse. 😎 HP[+3]
Your hp is fully restored (28).
You see here a quokka corpse.
i - 2 scrolls of fear (gained 1) Key pressed, stopping explore.
A centaur comes into view.
The centaur shouts!
The centaur wields a +0 orcbow.
The centaur shoots an arrow.
The arrow hits you!
Ouch! That really hurt!
* * * LOW HITPOINT WARNING * * *
😨 HP[-17]
You take 17 damage, and now have 11/28 hp.
MASSIVE DAMAGE!! (PAUSE)
The adder hisses angrily.
The centaur shoots an arrow.
The arrow hits you!
* * * LOW HITPOINT WARNING * * *
😱 HP[-7]
You take 7 damage, and now have 4/28 hp.
MASSIVE DAMAGE!! (PAUSE) 😱 HP[+1] 😱 HP[+1]
The centaur shoots an arrow.
The arrow hits you!
You die...

Skill      XL: |  1  2  3  4 |
---------------+-------------+-----
Shapeshifting  | 4 |  4.1
Fighting       | |  1.0
Dodging        | |  2.0
Unarmed Combat | |  3.9

Action                     |  1- 3 |  4- 6 || total
---------------------------+-------+-------++-------
  Melee: Unarmed           |    65 |    13 ||    78
         Constrict         |    19 |     2 ||    21
         Tentacles         |     9 |     4 ||    13
    Use: Scroll            |     4 |       ||     4
   Stab: Sleeping          |     9 |       ||     9
         Distracted        |     1 |       ||     1
 Armour: Skin              |    10 |     1 ||    11
  Dodge: Dodged            |    38 |     9 ||    47

Levels and vault maps discovered:
D:1:      dpeg_arrival_windows_large_door, layout_loops_cross,
          shapermc_ecumenical_altar_totnotflames
D:2:      layout_loops_ring
D:3:      layout_rooms, nicolae_uskayaw_murder_on_the_dancefloor,
          kennysheep_doodads, uniq_jessica

Notes
Turn   | Place    | Note
-------+----------+-------------------------------------------
     0 | D:1      | ytrimaz the Octopode Shapeshifter began the quest for the
                  | Orb.
     0 | D:1      | Reached XP level 1. HP: 13/13 MP: 1/1
     0 | D:1      | magus.rc [v1.9.6]
   192 | D:1      | Reached XP level 2. HP: 16/18 MP: 2/2
   269 | D:1      | Found a faded altar of an unknown god.
   386 | D:1      | You pick up a book of Air and begin reading...
   386 | D:1      | You add the spells Shock, Swiftness and Airstrike to your
                  | library.
   665 | D:2      | Reached XP level 3. HP: 23/23 MP: 3/3
  1309 | D:3      | Noticed Jessica
  1317 | D:2      | Reached XP level 4. HP: 18/28 MP: 4/4
  1442 | D:3      | Killed Jessica
  1443 | D:3      | Reached skill level 4 in Shapeshifting
  1459 | D:3      | Found a hide-covered altar of Uskayaw.
  1511 | D:3      | Noticed a centaur
  1513 | D:3      | HP: 4/28 [centaur/arrow (7)]
  1519 | D:3      | Shot with an arrow by a centaur

Vanquished Creatures
  Jessica (D:3)
  2 adders (D:2)
  A dart slug (D:2)
  5 bats
  2 endoplasms
  A giant cockroach (D:1)
  5 goblins
  5 hobgoblins
  7 kobolds
  3 quokkas
  5 ball pythons
  5 frilled lizards
  4 rats
46 creatures vanquished.

Table legend:
 A = Non-vault XP
 B = Vault XP
 C = Vault XP percentage of total XP
 D = Non-vault monster count
 E = Vault monster count
 F = Vault count percentage of total count
                 A         B        C        D         E       F
            +---------+---------+-------+---------+---------+-------
      Total |      96 |      37 |  27.8 |      45 |       1 |   2.2
            +---------+---------+-------+---------+---------+-------
        D:1 |      24 |       0 |   0.0 |      17 |       0 |   0.0
        D:2 |      60 |       0 |   0.0 |      21 |       0 |   0.0
        D:3 |      12 |      37 |  75.5 |       7 |       1 |  12.5
            +---------+---------+-------+---------+---------+-------

Skill      XL: |  1  2  3  4 |
---------------+-------------+-----
Shapeshifting  | 4 |  4.1
Fighting       | |  1.0
Dodging        | |  2.0
Unarmed Combat | |  3.9

Action                     |  1- 3 |  4- 6 || total
---------------------------+-------+-------++-------
  Melee: Unarmed           |    65 |    13 ||    78
         Constrict         |    19 |     2 ||    21
         Tentacles         |     9 |     4 ||    13
    Use: Scroll            |     4 |       ||     4
   Stab: Sleeping          |     9 |       ||     9
         Distracted        |     1 |       ||     1
 Armour: Skin              |    10 |     1 ||    11
  Dodge: Dodged            |    38 |     9 ||    47

Illustrated notes

Table legend:
 A = Kills in this place as a percentage of kills in the entire game.
 B = Kills by you in this place as a percentage of kills by you in the entire game.
 C = Kills by friends in this place as a percentage of kills by friends in the entire game.
 D = Other kills in this place as a percentage of other kills in the entire game.
 E = Experience gained in this place as a percentage of experience gained in the entire game.
 F = Experience gained in this place divided by the number of levels of this place that you have seen.
                   A       B       C       D       E      F
               +-------+-------+-------+-------+-------+----------------------
         Total | 100.0 | 100.0 |   N/A |   N/A | 100.0 |  44.3
       Dungeon | 100.0 | 100.0 |   N/A |   N/A | 100.0 |  44.3
               +-------+-------+-------+-------+-------+----------------------

Table legend: (Time is in decaauts)
 A = Elapsed time spent in this place.
 B = Non-inter-level travel time spent in this place.
 C = Inter-level travel time spent in this place.
 D = Time resting spent in this place.
 E = Time spent auto-exploring this place.
 F = Levels seen in this place.
 G = Mean time per level.
                   A        B        C        D        E       F      G
               +--------+--------+--------+--------+--------+-----+--------+
         Total |   1512 |   1439 |     73 |     34 |   1084 |   3 |  504.0 |
       Dungeon |   1512 |   1439 |     73 |     34 |   1084 |   3 |  504.0 |
               +--------+--------+--------+--------+--------+-----+--------+

Top non-repeatable levels by time:
     D:2: 732 daAuts
     D:1: 653 daAuts
     D:3: 127 daAuts
